[Event "45th FIDE Olympiad 2024"]
[Site "Budapest"]
[Date "2024.09.16"]
[Round "6.26"]
[White "Adams, Michael"]
[Black "Lodici, Lorenzo"]
[Result "1/2-1/2"]
[ECO "C84"]
[WhiteElo "2661"]
[BlackElo "2556"]
[Annotator "TA"]
[PlyCount "87"]
[EventDate "2024.09.05"]
[EventType "team-tourn"]
[EventCountry "HUN"]
[SourceTitle "playchess.com"]
[Source "ChessBase"]
[SourceQuality "1"]
[WhiteTeam "England"]
[BlackTeam "Italy"]
[WhiteTeamCountry "ENG"]
[BlackTeamCountry "ITA"]
[TimeControl "40/5400+30:1800+30"]

1. e4 e5 2. Nf3 Nc6 3. Bb5 a6 4. Ba4 Nf6 5. O-O Be7 6. d3 b5 7. Bb3 d6 8. a4 Bd7 9. Nc3 Na5 10. Ba2 b4 11. Nd5 Nxd5 12. Bxd5 c6 13. Ba2 c5 14. c3 Rb8 15. Bd5 Be6 16. Bxe6 fxe6 17. Bd2 Nc6 18. Be3 Na5 19. d4 exd4 20. cxd4 c4 (20... O-O $1 $11) 21. d5 $14 e5 {[%emt 0:04:40] Prevents Nd4.} 22. Rc1 Qd7 23. Nd2 c3 24. bxc3 b3 25. Qe2 b2 26. Rb1 (26. Qxa6 $2 bxc1=B (26... bxc1=R $2 27. Rxc1 Qxa4 28. Bb6 $19) 27. Rxc1 Qxa4 $19) 26... Qb7 (26... O-O $14) 27. Nc4 (27. Qh5+ g6 28. Qh6 Bf6) (27. f4 $1 $16 {[%cal Rf4e5] Threatens to win with fxe5.} O-O 28. fxe5) 27... Nxc4 $11 28. Qxc4 O-O $1 29. a5 (29. Rfe1 $11 Rfc8 (29... Qb3 30. Qxb3 Rxb3 31. Re2 $16) 30. Qd3) 29... Qb5 {[%emt 0:10:55] [#]} (29... Bd8 $1 $15 30. Qa4 Qb3) 30. Qc7 $1 $16 Bd8 31. Qxd6 {[%emt 0:00:52] c4 is the strong threat.} Bxa5 32. Qxe5 ({White has to play} 32. Qe6+ $16 Kh8 33. Qxe5) 32... Rfe8 $1 $11 33. Qd4 Qb3 34. d6 Bxc3 35. Qc5 (35. Qa7 $1 $11) 35... Rec8 $1 $15 (35... Rxe4 36. d7 Rd8 37. Bg5 $16) 36. Qa7 {[%emt 0:00:54][%mdl 8192] [#]} (36. Qh5 $1 $15) 36... Qb7 $1 $19 37. d7 Qxa7 (37... Rc7 $19 {and life is good for Black.} 38. Qb6 Rxd7 (38... Qxb6 $2 39. d8=R+ Rxd8 40. Bxb6 $19) 39. Qe6+ Kh8) 38. dxc8=Q+ $2 ({Stronger than} 38. dxc8=R+ Rxc8 39. Bxa7 a5 $11) (38. Bxa7 $18 Kf7 39. Rfd1 (39. dxc8=R Rxc8 40. f4 a5 $18)) 38... Rxc8 $14 39. Bxa7 a5 {[%emt 0:00:04][%cal Ba6a5,Ba5a4][%mdl 32] [#]} 40. Rfc1 $1 bxc1=Q+ (40... bxc1=R+ 41. Rxc1) 41. Rxc1 Rc4 {[%emt 0:38:10] Inhibits Bd4. The position is equal.} ({Wrong is} 41... a4 $2 42. Bd4 $18) 42. Kf1 {[%emt 0:01:58] Be3 would now be deadly.} (42. Be3 $5 a4 43. Bd2 $11) 42... a4 $1 43. Ke2 {[%emt 0:00:00] Black must now prevent Kd3.} Rxe4+ 44. Kd3 {[%emt 0:00:00] Weighted Error Value: White=0.57/Black=0.30.  Loses game:     	White=1     	---        Missed win:     	White=1     	Black=1      Mistake:       	White=4     	Black=3      Inaccurate:     	White=3     	Black=2      OK:         	White=10    	Black=15     Best:        	White=1     	Black=4      Strong:       	White=1     	Black=5} 1/2-1/2

[Event "45th FIDE Olympiad 2024"]
[Site "Budapest"]
[Date "2024.09.16"]
[Round "6.26"]
[White "Alhassadi, Yousef A."]
[Black "Matthew, Bailey"]
[Result "1-0"]
[WhiteElo "2082"]
[BlackElo "1548"]
[PlyCount "51"]
[EventDate "2024.09.05"]
[EventType "team-tourn"]
[EventCountry "HUN"]
[WhiteTeam "Libya"]
[BlackTeam "Antigua and Barbuda"]
[WhiteTeamCountry "LBY"]
[TimeControl "40/5400+30:1800+30"]

1. e4 c6 2. Nf3 d5 3. exd5 cxd5 4. Ne5 Nc6 5. Bb5 Bd7 6. Bxc6 bxc6 7. d4 Nf6 8. O-O e6 9. Bg5 Be7 10. Nc3 O-O 11. Na4 Ne4 12. Bxe7 Qxe7 13. f3 Nd6 14. Re1 f6 15. Nxd7 Qxd7 16. Nc5 Qf7 17. Rxe6 Rad8 18. Qd3 Qh5 19. Rae1 Qh4 20. R6e2 Rb8 21. Nd7 Rbe8 22. Nxf8 Rxf8 23. c3 f5 24. Qa6 f4 25. Qxc6 Qd8 26. Qxd5+ 1-0

[Event "45th FIDE Olympiad 2024"]
[Site "Budapest"]
[Date "2024.09.16"]
[Round "6.27"]
[White "Moroni, Luca Jr"]
[Black "McShane, Luke J"]
[Result "0-1"]
[ECO "E43"]
[WhiteElo "2558"]
[BlackElo "2611"]
[Annotator "RC"]
[PlyCount "84"]
[EventDate "2024.09.05"]
[EventType "team-tourn"]
[EventCountry "HUN"]
[SourceTitle "playchess.com"]
[Source "ChessBase"]
[SourceQuality "1"]
[WhiteTeam "Italy"]
[BlackTeam "England"]
[WhiteTeamCountry "ITA"]
[BlackTeamCountry "ENG"]
[TimeControl "40/5400+30:1800+30"]

1. d4 Nf6 2. c4 e6 3. Nc3 Bb4 4. Nf3 b6 5. e3 Bb7 6. Bd3 O-O 7. O-O c5 8. Na4 cxd4 9. exd4 Re8 10. a3 Bf8 11. b4 a5 12. b5 d6 13. Be3 Nbd7 14. Nd2 e5 15. dxe5 Rxe5 16. Nb3 g6 17. Rc1 Rxe3 18. fxe3 Bh6 19. Kh1 Ne5 20. Be2 Ne4 21. Bf3 Bxe3 22. Bxe4 Bxe4 23. Qe2 Bxc1 24. Qxe4 Bxa3 25. Nxb6 Rb8 26. Nd5 Rc8 27. Nxa5 Qxa5 28. Ne7+ Kg7 29. Nxc8 Qc7 30. Ra1 Bc5 31. Ra8 Qd8 32. h3 Qf6 33. Qe2 Ng4 34. Ne7 Nf2+ 35. Kh2 Qf4+ 36. g3 Qc1 37. Qf3 Nd3 38. Qg2 Ne1 39. Qe2 Nf3+ 40. Kg2 Ne1+ 41. Kh2 Nf3+ 42. Kg2 Ng5 0-1

[Event "45th FIDE Olympiad 2024"]
[Site "Budapest"]
[Date "2024.09.16"]
[Round "6.27"]
[White "Farquhar, Abner"]
[Black "Naser Eldean, Ahmed"]
[Result "0-1"]
[WhiteElo "1678"]
[BlackElo "1981"]
[PlyCount "174"]
[EventDate "2024.09.05"]
[EventType "team-tourn"]
[EventCountry "HUN"]
[WhiteTeam "Antigua and Barbuda"]
[BlackTeam "Libya"]
[BlackTeamCountry "LBY"]
[TimeControl "40/5400+30:1800+30"]

1. d4 Nf6 2. Nf3 g6 3. Nc3 d5 4. Bf4 Bg7 5. e3 O-O 6. Be2 c5 7. O-O cxd4 8. exd4 Nc6 9. Ne5 Qb6 10. Nxc6 Qxc6 11. Be5 Bf5 12. Qd2 a6 13. a4 Rfd8 14. Rac1 Rac8 15. Rfd1 Qb6 16. b3 Qc6 17. Bxf6 Qxf6 18. Nb1 Qh4 19. g3 Qf6 20. c3 h5 21. Bd3 Bg4 22. Be2 Be6 23. Qe3 Kh7 24. f4 Bh6 25. Rc2 Rc6 26. b4 Bf5 27. Bd3 Rdc8 28. Bxf5 Qxf5 29. Qd3 Qf6 30. Nd2 Qf5 31. Nf3 Qxd3 32. Rxd3 f6 33. Nd2 Bf8 34. Nb1 Rc4 35. Re2 Kg7 36. Re6 R8c6 37. Rxc6 Rxc6 38. Kf1 e6 39. Nd2 Kf7 40. Ke2 a5 41. b5 Rc8 42. Rf3 b6 43. Kd3 Bd6 44. Rf1 Kg7 45. Re1 Kf7 46. Rc1 Ba3 47. Rc2 h4 48. c4 Bb4 49. cxd5 Rxc2 50. Kxc2 exd5 51. Nf3 hxg3 52. hxg3 Ke6 53. Nh4 Kf7 54. Ng2 Bd6 55. g4 Bc7 56. Ne3 Ke6 57. f5+ gxf5 58. gxf5+ Kd6 59. Kd3 Bd8 60. Ke2 Be7 61. Kf3 Bf8 62. Ng4 Kd7 63. Nxf6+ Kd6 64. Ng4 Bg7 65. f6 Bf8 66. Kf4 Ke6 67. Kg5 Bb4 68. Kg6 Bd6 69. Kg7 Kf5 70. Ne5 Ke4 71. Nc6 Kd3 72. f7 Kc3 73. f8=Q Bxf8+ 74. Kxf8 Kb3 75. Ke7 Kxa4 76. Na7 Kb3 77. Nc8 a4 78. Nxb6 a3 79. Nxd5 a2 80. Nc7 a1=Q 81. d5 Qa7 82. d6 Kc4 83. Kd8 Kc5 84. Kc8 Kxd6 85. Ne8+ Kc5 86. Kd8 Kxb5 87. Nd6+ Kc6 {0-} 0-1

[Event "45th FIDE Olympiad 2024"]
[Site "Budapest"]
[Date "2024.09.16"]
[Round "6.28"]
[White "Jones, Gawain C B"]
[Black "Brunello, Sabino"]
[Result "1-0"]
[ECO "E06"]
[WhiteElo "2646"]
[BlackElo "2511"]
[Annotator "TA"]
[PlyCount "115"]
[EventDate "2024.09.05"]
[EventType "team-tourn"]
[EventCountry "HUN"]
[SourceTitle "playchess.com"]
[Source "ChessBase"]
[SourceQuality "1"]
[WhiteTeam "England"]
[BlackTeam "Italy"]
[WhiteTeamCountry "ENG"]
[BlackTeamCountry "ITA"]
[TimeControl "40/5400+30:1800+30"]

1. Nf3 Nf6 2. c4 e6 3. g3 d5 4. Bg2 Be7 5. O-O O-O 6. d4 c6 7. Nc3 a5 8. Bf4 dxc4 9. Ne5 Nd5 {[%emt 0:00:28] The position is equal.} 10. Nxc4 Nxf4 11. gxf4 Nd7 12. e3 Nf6 13. Rc1 Bd7 14. Kh1 Be8 15. Rg1 Kh8 16. Qf3 Rg8 17. Qh3 Rc8 18. f5 exf5 19. Qxf5 Ra8 20. Rgd1 g6 (20... Bd7 $14 21. Ne5 Rf8 22. Nxd7 Qxd7 23. Qxd7 Nxd7) 21. Qe5 $16 {[%emt 0:01:53] aiming for d5.} Rg7 22. d5 Nd7 23. Qf4 (23. dxc6 Nxe5 24. cxb7 Nc6 $19) 23... Bg5 24. Qf3 c5 25. Ne4 (25. d6 $16) 25... Bh4 ({Black should try} 25... Be7 $14) 26. Ned6 {[%emt 0:01:05] A dynamic duo of knights.} Rb8 27. Qh3 {[%emt 0:11:26] Threatens to win with Nxe8.} Bf6 {[%emt 0:02:42] [#]} 28. Nxa5 $1 {[%emt 0:01:55][%mdl 512] White has more active pieces.} Qxa5 29. Nxe8 Rxe8 30. Qxd7 Rd8 31. Qxb7 Qxa2 32. Rd2 $36 {[%emt 0:06:35][%mdl 2048] White is really pushing.} Qa5 {[%emt 0:03:17] Wards off Qb6} 33. Rdc2 Qb4 34. Qc7 Qb8 (34... Bh4 $16) 35. Qxc5 $18 Be5 36. f4 {[%emt 0:02:27] Dodges f6} Bd6 37. Qd4 f5 38. Qf6 (38. Rc6 $16) 38... Rf8 $1 $14 39. Qd4 (39. Qc3 $14) 39... Kg8 $2 {[%emt 0:00:39] White leaves nothing to chance now.} (39... Rd8 $1 $11) 40. Bf1 Re7 41. Rc6 {[%emt 0:31:56][%cal Oc6d6] [#] Rxd6! is the strong threat.} Re4 42. Qb6 Qxb6 43. Rxb6 Rd8 44. Rcc6 Bf8 45. Rb3 Kf7 (45... Kh8 $16) 46. Bc4 $18 Bd6 47. Kg2 Re7 $2 (47... g5 {is a better defense.} 48. fxg5 Kg6) 48. Rbb6 Red7 49. b4 Ke7 50. b5 h6 51. Bd3 Rf8 52. Ra6 g5 53. fxg5 hxg5 54. b6 g4 (54... Rb7 $142 55. Ra7 Rd7) 55. Ra7 f4 56. exf4 Bxf4 57. Re6+ Kd8 58. Ra8+ {[%emt 0:00:08] Weighted Error Value: White=0.11 (very precise) /Black=0.36.  Loses game:     	---       	Black=1      Mistake:       	White=3     	Black=6      Inaccurate:     	White=1     	Black=3      OK:         	White=25    	Black=16     Best:        	White=5     	Black=4      Strong:       	---       	Black=1} 1-0

[Event "45th FIDE Olympiad 2024"]
[Site "Budapest"]
[Date "2024.09.16"]
[Round "6.28"]
[White "Elshaafi, Ali"]
[Black "Solomon, Jonathan"]
[Result "1-0"]
[WhiteElo "1984"]
[BlackElo "1536"]
[PlyCount "97"]
[EventDate "2024.09.05"]
[EventType "team-tourn"]
[EventCountry "HUN"]
[WhiteTeam "Libya"]
[BlackTeam "Antigua and Barbuda"]
[WhiteTeamCountry "LBY"]
[TimeControl "40/5400+30:1800+30"]

1. e4 c6 2. d4 d5 3. exd5 cxd5 4. Bd3 Nf6 5. h3 e6 6. Nf3 Nc6 7. c3 Be7 8. O-O O-O 9. Re1 b6 10. Bg5 a5 11. Nbd2 Ba6 12. Bb1 Rc8 13. Qc2 Nb4 14. Qd1 Nd3 15. Re3 Nxb2 16. Qc2 Nd3 17. Bxf6 Bxf6 18. a4 g6 19. Rxd3 Bxd3 20. Qxd3 Qc7 21. Ra3 Rfd8 22. Qe3 Bg7 23. Bd3 Rd6 24. Ba6 Ra8 25. Bb5 Rc8 26. h4 Qe7 27. h5 Qf8 28. hxg6 hxg6 29. Ne5 Rdd8 30. Rb3 Qd6 31. f4 Rc7 32. Qh3 Bxe5 33. fxe5 Qe7 34. Qh6 Qf8 35. Qg5 Qe7 36. Qxe7 Rxe7 37. Ba6 Rb8 38. c4 dxc4 39. Nxc4 Rd7 40. Nd6 Rc7 41. Bc4 Kg7 42. Kf2 Kf8 43. Rh3 Kg7 44. Ke2 Rd8 45. Kd2 Rxd6 46. exd6 Rxc4 47. d7 Rxa4 48. d8=Q Ra2+ 49. Kc1 1-0

[Event "45th FIDE Olympiad 2024"]
[Site "Budapest"]
[Date "2024.09.16"]
[Round "6.29"]
[White "Duda, Jan-Krzysztof"]
[Black "Dragnev, Valentin"]
[Result "1/2-1/2"]
[ECO "E45"]
[WhiteElo "2732"]
[BlackElo "2556"]
[Annotator "TA"]
[PlyCount "81"]
[EventDate "2024.09.05"]
[EventType "team-tourn"]
[EventCountry "HUN"]
[SourceTitle "playchess.com"]
[Source "ChessBase"]
[SourceQuality "1"]
[WhiteTeam "Poland"]
[BlackTeam "Austria"]
[WhiteTeamCountry "POL"]
[BlackTeamCountry "AUT"]
[TimeControl "40/5400+30:1800+30"]

1. d4 Nf6 2. c4 e6 3. Nc3 Bb4 4. e3 b6 5. Nge2 Ba6 6. a3 Bxc3+ 7. Nxc3 d5 8. b3 O-O 9. a4 c5 10. Ba3 Nbd7 ({Better is} 10... Nc6 $11) 11. Be2 dxc4 {[%emt 0:03:32] White is slightly better.} 12. bxc4 Bb7 13. O-O Ne4 14. Nxe4 Bxe4 15. f3 Bb7 16. e4 Re8 (16... cxd4 $14 17. Qxd4 Re8) 17. d5 $16 exd5 18. exd5 Qh4 19. Bb2 Re7 20. Qd2 Rae8 21. Rf2 Ne5 22. Qc3 {[%emt 0:03:02] f4 is the strong threat.} f6 23. Bf1 Ng6 $1 24. a5 Nf4 25. Qd2 {[%emt 0:01:25] Inhibits Re2.} Bc8 26. axb6 axb6 27. Ra8 {[%emt 0:05:07] And now d6 would win.} Bd7 {[%emt 0:00:32] [#]} (27... Qg5 $142 28. Kh1 Bf5 29. Rxe8+ Rxe8) 28. Rxe8+ $1 Rxe8 {[%emt 0:00:13] [#]} 29. Bc1 $1 Ng6 30. Qb2 $36 {[%emt 0:01:07][%mdl 2048] White is on the roll.} Re1 31. Bd2 Rd1 (31... Rxf1+ $16 32. Rxf1 Qxc4) 32. f4 $18 (32. Qxb6 Qxc4 33. Qa5 h6 $17 (33... Qxd5 34. Be3 $15)) 32... Qg4 33. Qxb6 {[%emt 0:01:05][%cal Oh2h3] aiming for h3!} Nh4 $2 (33... h5 34. Qb8+ (34. Qxc5 Qf5 $18) 34... Kh7) 34. Qd8+ (34. Qxc5 Rxd2 35. Qb4 Rxf2 36. Qb8+ Kf7 37. Kxf2 Ng6 $17) 34... Kf7 35. h3 Rxf1+ 36. Kh2 $2 ({Only move:} 36. Kxf1 $18 Qd1+ 37. Be1 Bxh3 38. Qc7+ (38. gxh3 Qd3+ 39. Kg1 Qg3+ 40. Kh1 Qxh3+ 41. Kg1 Qg3+ 42. Kf1 Qd3+ 43. Kg1 Qg3+ 44. Kf1 Qd3+ 45. Kg1 Qg3+ $11) 38... Kg8 39. Qe7 (39. gxh3 Qd3+ 40. Re2 Qxh3+ 41. Kg1 Qg4+ 42. Kf2 Qf3+ 43. Kg1 Qg4+ 44. Kf2 Qf3+ 45. Kg1 Qg4+ $11) 39... Bxg2+ 40. Rxg2 Qf3+ 41. Rf2 Qd3+ 42. Qe2 Qh3+ 43. Kg1) 36... Qxh3+ $11 {[%emt 0:01:03] The position is equal.} 37. gxh3 Rxf2+ 38. Kg3 {[%emt 0:03:02] Dancing on a razor blade.} (38. Kg1 $5 Rg2+ $8 39. Kh1 Bxh3 40. f5 Bxf5 (40... Rxd2 41. Qd7+ Kf8 42. Qd8+ Kf7 43. Qd7+ Kf8 44. Qd8+ Kf7 $11) 41. Be3 $11) 38... Rf3+ 39. Kh2 $1 Rf2+ 40. Kg3 (40. Kg1 $5 Rg2+ $8 41. Kh1 Bxh3 42. f5 Bxf5 (42... Rxd2 43. Qd7+ Kf8 44. Qd8+ Kf7 45. Qd7+ Kf8 46. Qc8+ Ke7 47. Qc7+ Ke8 48. Qc6+ Kf8 49. Qxc5+ Kg8 50. Qc8+ Kf7 51. Qc7+ Ke8 52. Qc8+ Kf7 53. Qd7+ Kf8 54. Qc8+ Kf7 $11) 43. Be3 $11) 40... Rf3+ 41. Kh2 $1 {[%emt 0:30:01] Weighted Error Value: White=0.19 (very precise) /Black=0.31.  Missed win:     	White=1     	---        Mistake:       	---       	Black=5      Inaccurate:     	White=1     	Black=2      OK:         	White=10    	Black=9      Best:        	White=4     	Black=4      Strong:       	White=4     	Black=1} 1/2-1/2

[Event "45th FIDE Olympiad 2024"]
[Site "Budapest"]
[Date "2024.09.16"]
[Round "6.29"]
[White "Celis, Joel"]
[Black "Colindres, Daniel"]
[Result "0-1"]
[WhiteElo "1929"]
[BlackElo "2079"]
[PlyCount "78"]
[EventDate "2024.09.05"]
[EventType "team-tourn"]
[EventCountry "HUN"]
[WhiteTeam "Macau"]
[BlackTeam "Honduras"]
[WhiteTeamCountry "MAC"]
[BlackTeamCountry "HON"]
[TimeControl "40/5400+30:1800+30"]

1. e4 Nf6 2. e5 Nd5 3. d4 d6 4. exd6 cxd6 5. c4 Nb6 6. Nf3 g6 7. Nc3 Bg7 8. h3 O-O 9. Bg5 Nc6 10. Qd2 d5 11. c5 Nc4 12. Bxc4 dxc4 13. Rd1 Bf5 14. O-O Bd3 15. Rfe1 Nxd4 16. Bxe7 Nxf3+ 17. gxf3 Qd7 18. Bxf8 Rxf8 19. Kg2 Qf5 20. Ne4 Be5 21. Qh6 Bg7 22. Qh4 Bxb2 23. Nd6 Qxc5 24. Qf4 b5 25. Re8 Qd5 26. Rde1 g5 27. R8e5 Bxe5 28. Qxg5+ Bg6 29. Qxe5 Qxe5 30. Rxe5 a6 31. a4 Rd8 32. Nb7 Rd7 33. Nc5 Rd6 34. axb5 axb5 35. Re8+ Kg7 36. Rb8 Rd5 37. Ne4 Bxe4 38. fxe4 Rc5 39. Kf1 c3 {0-} 0-1

[Event "45th FIDE Olympiad 2024"]
[Site "Budapest"]
[Date "2024.09.16"]
[Round "6.30"]
[White "Ragger, Markus"]
[Black "Wojtaszek, Radoslaw"]
[Result "1/2-1/2"]
[ECO "B51"]
[WhiteElo "2601"]
[BlackElo "2681"]
[Annotator "TA"]
[PlyCount "60"]
[EventDate "2024.09.05"]
[EventType "team-tourn"]
[EventCountry "HUN"]
[SourceTitle "playchess.com"]
[Source "ChessBase"]
[SourceQuality "1"]
[WhiteTeam "Austria"]
[BlackTeam "Poland"]
[WhiteTeamCountry "AUT"]
[BlackTeamCountry "POL"]
[TimeControl "40/5400+30:1800+30"]

1. e4 c5 2. Nf3 d6 3. Bb5+ Nd7 4. O-O a6 5. Bxd7+ Bxd7 6. c3 e6 7. d4 Ne7 8. dxc5 dxc5 9. Ne5 Ng6 10. Qxd7+ Qxd7 11. Nxd7 Kxd7 12. f4 Bd6 13. Be3 Kc6 14. Nd2 Rad8 15. g3 f5 16. Rad1 Rhf8 17. e5 Be7 (17... Bc7 $14) 18. Kf2 $16 Rd5 19. c4 Rd7 20. Ke2 Rfd8 21. Nf3 Rxd1 {[%emt 0:00:08] The position is equal.} 22. Rxd1 Rxd1 23. Kxd1 $11 {[%emt 0:00:03][%mdl 4096] Endgame. KBN-KBN} Nh8 24. Ke2 Nf7 25. Kd3 Kd7 26. Kc3 Kc6 27. Kd3 Kd7 28. Kc3 Kc6 29. Kd3 Kd7 30. Kc3 Kc6 {[%emt 0:00:07] Weighted Error Value: White=0.09 (flawless) /Black=0.06 (flawless) .  Mistake:       	---       	Black=1      Inaccurate:     	White=2     	---        OK:         	White=5     	Black=7      Best:        	---       	Black=1} 1/2-1/2

[Event "45th FIDE Olympiad 2024"]
[Site "Budapest"]
[Date "2024.09.16"]
[Round "6.30"]
[White "Gavarrete, Joel"]
[Black "Mak, Tong Kuan"]
[Result "0-1"]
[WhiteElo "2059"]
[BlackElo "1902"]
[PlyCount "86"]
[EventDate "2024.09.05"]
[EventType "team-tourn"]
[EventCountry "HUN"]
[WhiteTeam "Honduras"]
[BlackTeam "Macau"]
[WhiteTeamCountry "HON"]
[BlackTeamCountry "MAC"]
[TimeControl "40/5400+30:1800+30"]

1. e4 c6 2. d4 d5 3. exd5 cxd5 4. Bd3 Nf6 5. c3 Nc6 6. Bf4 Bg4 7. Qb3 Qd7 8. Nd2 e6 9. Ngf3 a6 10. Ne5 Nxe5 11. dxe5 Ng8 12. c4 Bc5 13. cxd5 exd5 14. O-O Ne7 15. Kh1 Rc8 16. Bg5 O-O 17. f3 Be6 18. f4 Nf5 19. Nf3 Ne3 20. Qc3 Nxf1 21. Rxf1 h6 22. Bh4 Bf5 23. Qc2 Bxd3 24. Qxd3 Qb5 25. Qb1 Be3 26. Be7 Rfe8 27. Bd6 Qxf1+ 28. Qxf1 Rc1 29. Qxc1 Bxc1 30. g3 Bxb2 31. Nh4 Rc8 32. Kg2 d4 33. Kf3 Rc2 34. Nf5 Rxh2 35. Ne7+ Kh7 36. Ke4 Re2+ 37. Kd3 Re3+ 38. Kc2 Bc3 39. f5 Rxg3 40. e6 Rg2+ 41. Kd3 fxe6 42. fxe6 Rd2+ 43. Kc4 Re2 {0-} 0-1

[Event "45th FIDE Olympiad 2024"]
[Site "Budapest"]
[Date "2024.09.16"]
[Round "6.31"]
[White "Piorun, Kacper"]
[Black "Horvath, Dominik"]
[Result "1/2-1/2"]
[ECO "D85"]
[WhiteElo "2599"]
[BlackElo "2559"]
[Annotator "TA"]
[PlyCount "124"]
[EventDate "2024.09.05"]
[EventType "team-tourn"]
[EventCountry "HUN"]
[SourceTitle "playchess.com"]
[Source "ChessBase"]
[SourceQuality "1"]
[WhiteTeam "Poland"]
[BlackTeam "Austria"]
[WhiteTeamCountry "POL"]
[BlackTeamCountry "AUT"]
[TimeControl "40/5400+30:1800+30"]

1. d4 Nf6 2. c4 g6 3. Nc3 d5 4. cxd5 Nxd5 5. e4 Nxc3 6. bxc3 Bg7 7. Qa4+ Nd7 8. Nf3 O-O 9. Be2 {[%emt 0:00:33] 9.Qa3 is more fashionable.} c5 10. Qa3 {[%emt 0:00:09] D85: Exchange Grünfeld: Unusual White 7th moves and lines with 7 Nf3.} cxd4 11. cxd4 Nf6 12. Qe3 b5 13. h3 Qb6 14. O-O a5 15. Bd2 $146 ({Predecessor:} 15. a3 Bb7 16. Bd3 Rfc8 17. Re1 e6 18. Rb1 b4 19. axb4 axb4 20. d5 Qxe3 21. Bxe3 exd5 {½-½ Baciak,M (2273)-Tylecek,D (2209) SVK-ch25 sf2 email 2020}) 15... b4 16. Rfb1 Ba6 17. a3 Bxe2 18. Qxe2 Qb7 19. e5 Nd5 20. Qe4 Rfb8 21. h4 h5 22. Ng5 f5 23. Qf3 Bh6 24. Qg3 Bxg5 25. Qxg5 Ra6 26. axb4 axb4 27. Rxa6 Qxa6 28. Rb3 Rb6 29. Kh2 Qc4 30. Rg3 Kf7 31. Qh6 Qxd4 32. Qh7+ Ke6 33. Rxg6+ Kxe5 34. f4+ Ke4 35. Rxb6 Qxb6 36. Qxh5 Qf2 37. Qd1 b3 38. Qc1 Kd3 39. Qc6 Kxd2 40. Qxd5+ Kc3 41. Qa5+ Kc2 42. Qxf5+ Kc1 43. Qc8+ Qc2 44. Qe6 b2 $2 (44... Qc3 {( -> ...b2)} 45. Qe2 b2 46. Qf1+ Kd2 47. Qf2+ Kd3 48. Qg3+ Kc2 49. Qf2+ Qd2 50. Qc5+ Kd1 51. Qh5+ Qe2 52. Qd5+ Kc1 53. Qc5+ Qc2 54. Qe3+ Kd1 (54... Qd2 55. Qg1+ Kc2 56. Qc5+ Kd1 57. Qh5+ Kc1 58. Qc5+ Qc2 59. Qe3+ Kd1 60. Qf3+ Kd2 61. Qf2+ Kd3 62. Qg3+ Kc4 63. Qg8+ Kb4 64. Qb8+ Kc3 65. Qe5+ Kd2 66. Qa5+ Kd1 67. Qd5+ Kc1 68. Qa5 $19) 55. Qf3+ Kd2 56. Qf2+ Kd3 57. Qg3+ Kc4) 45. Qe1+ $19 Qd1 46. Qc3+ Kb1 47. Qc4 Qc2 48. Qe6 Qa4 $2 (48... Qc5 {White must now prevent ...Qc3.} 49. Qe1+ Kc2 50. Qe2+ Kb3 51. Qd3+ Qc3 52. Qb5+ Kc2 53. Qe2+ Kc1 54. Qf1+ Kd2 55. Qf2+ Kd3 56. Qg3+ Kc2 57. Qf2+ Qd2 58. Qc5+ Kd1 59. Qh5+ Kc1 60. Qc5+ Qc2 61. Qg1+ Kd2 62. Qf2+ Kd3 63. Qg3+ Kc4 64. Qg8+ Kc3 65. Qg3+ Qd3 66. Qe1+ Kb3 67. Qxe7 b1=Q (67... b1=B 68. Qe6+ Kb2 69. Qe1 $16)) 49. Qe5 $2 (49. Qxe7 Qxf4+ 50. Kh1) 49... Qc4 $19 50. h5 {[%emt 0:04:19] [#]} Ka2 $1 51. Qa5+ Kb3 52. Qb6+ {[%emt 0:00:04] [#]} Kc3 $1 53. h6 Qxf4+ 54. g3 Qf5 $2 (54... Qd2+ {mates} 55. Kh3 e5 56. Qc6+ Kd3 57. Qd5+ Kc2 58. Qc6+ Qc3 59. Qg2+ Qd2 60. Qc6+ Qc3 61. Qg2+ Qd2 62. Qc6+) 55. Qe3+ $11 Kc2 56. Qe2+ Kb3 57. Qe3+ Ka2 58. Qa7+ Kb1 (58... Kb3 $5 59. Qe3+ $8 Ka2 60. Qa7+ Kb1 $11) 59. Qxe7 Qh5+ 60. Qh4 Qe2+ 61. Kh3 Qe6+ 62. Kh2 Qe2+ (62... Kc2 $5 63. Qa4+ $8 Kc1 64. Qf4+ Kc2 65. Qa4+ Kd2 66. Qb4+ Kc2 67. Qc5+ Kd1 68. Qh5+ Ke1 69. Qa5+ Kd1 70. Qa4+ Kd2 71. Qb4+ Kc2 72. Qc5+ Kb3 73. Qb5+ Ka3 $11) 1/2-1/2

[Event "45th FIDE Olympiad 2024"]
[Site "Budapest"]
[Date "2024.09.16"]
[Round "6.31"]
[White "Wong, Kai Meng"]
[Black "Soliz Gabarrete, Luis Fernando"]
[Result "0-1"]
[WhiteElo "1795"]
[BlackElo "1920"]
[PlyCount "104"]
[EventDate "2024.09.05"]
[EventType "team-tourn"]
[EventCountry "HUN"]
[WhiteTeam "Macau"]
[BlackTeam "Honduras"]
[WhiteTeamCountry "MAC"]
[BlackTeamCountry "HON"]
[TimeControl "40/5400+30:1800+30"]

1. d4 d5 2. c4 e6 3. a3 Nf6 4. Nf3 c6 5. e3 Nbd7 6. Nc3 Bd6 7. Bd3 O-O 8. O-O dxc4 9. Bxc4 b5 10. Bd3 a6 11. e4 e5 12. Bg5 h6 13. Bh4 Re8 14. Re1 c5 15. dxc5 Nxc5 16. Nd5 g5 17. Nxf6+ Qxf6 18. Bg3 Bg4 19. Bc2 Bxf3 20. Qxf3 Qxf3 21. gxf3 Ne6 22. Kg2 Nd4 23. Bd3 Kg7 24. h4 f6 25. Rad1 Rad8 26. Bb1 Bc5 27. Ba2 Nc2 28. Rh1 Rxd1 29. Rxd1 Nd4 30. hxg5 hxg5 31. Bd5 Re7 32. Rc1 Rc7 33. f4 exf4 34. Bh2 Bd6 35. Rxc7+ Bxc7 36. f3 g4 37. Bg1 Nxf3 38. Bc5 Nh4+ 39. Kf1 g3 40. Bb7 a5 41. b4 f3 42. bxa5 g2+ 43. Kf2 Bh2 44. Ke1 Bg3+ 45. Kd2 f2 46. a6 g1=Q 47. a7 Qe1+ 48. Kc2 f1=Q 49. Bf8+ Kxf8 50. a8=Q+ Kg7 51. Bd5 Qb1+ 52. Kc3 Qfd3# {0-} 0-1